 Dungeon Crawl Stone Soup version 0.29-a0-512-gf59ac78 (webtiles) character file.

Game seed: 437557718048289719

10 Toastz the Grave Robber (level 2, 20/20 HPs)
             Began as a Demonspawn Necromancer on May 29, 2022.
             Quit the game on level 1 of the Dungeon.
             The game lasted 00:01:46 (337 turns).

Toastz the Grave Robber (Demonspawn Necromancer)     Turns: 337, Time: 00:01:47

Health: 20/20      AC:  2    Str:  8    XL:     2   Next: 10%
Magic:  5/5        EV: 12    Int: 16    God:
Gold:   0          SH:  0    Dex: 13    Spells: 4/5 levels left

rFire   . . .      SeeInvis .   (no weapon)
rCold   . . .      Faith    .   (no shield)
rNeg    . . .      Spirit   .   e - +0 robe
rPois   .          Reflect  .   (no helmet)
rElec   .          Harm     .   (no cloak)
rCorr   .          Rampage  .   (no gloves)
Will    .....                   (no boots)
Stlth   ++........              (no amulet)
HPRegen 0.06/turn               (no ring)
MPRegen 0.09/turn               (no ring)

@: no status effects
A: demonic touch 1
a: no special abilities


You were on level 1 of the Dungeon.
You visited 1 branch of the dungeon, and saw 1 of its levels.

Inventory:

Hand Weapons
 a - a +0 hand axe
Armour
 e - a +0 robe (worn)
Scrolls
 c - a scroll of magic mapping {unknown}
 f - a scroll of amnesia {unknown}
Potions
 b - a potion of magic
 d - 2 potions of might {unknown}


   Skills:
 - Level 0.5 Fighting
 - Level 1.7 Dodging
 - Level 1.7 Stealth
 + Level 0.1 Unarmed Combat
 - Level 2.2 Spellcasting
 - Level 4.6 Necromancy


You had 4 spell levels left.
You knew the following spells:

 Your Spells              Type           Power      Damage    Failure   Level
a - Necrotize             Necr           64%        1d7       3%          1

Your spell library contained the following spells:

 Spells                   Type           Power      Damage    Failure   Level
 Vampiric Draining        Necr           16%        2d7       9%          3
 Animate Dead             Necr           16%        N/A       30%         4
 Agony                    Necr           16%        N/A       63%         5


Dungeon Overview and Level Annotations

Branches:
Dungeon (1/15)

Altars:


Innate Abilities, Weirdness & Mutations

Your touch may inflict minor irresistible damage on your foes.


Message History

The jackal closely misses you. The jackal barely misses you.
The jackal writhes in agony.
The jackal closely misses you. The jackal barely misses you.
The jackal closely misses you.
The jackal barely resists.
The jackal barely misses you. The jackal bites you.
The jackal barely misses you. The jackal bites you.
The jackal bites you but does no damage.
The jackal barely misses you.
You hit the jackal.
You kill the jackal!
You closely miss the jackal. You barely miss the jackal.
The jackal bites you. x3
You are too injured to fight recklessly!
The jackal closely misses you. The jackal barely misses you.
The jackal attacks as you move away! The jackal closely misses you.
The jackal barely misses you.
You hit the jackal.
The jackal is lightly wounded.
The jackal barely misses you.
The jackal bites you but does no damage.
You closely miss the jackal.
The jackal is lightly wounded.
The jackal barely misses you.
You hit the jackal.
The jackal is severely wounded.
The jackal closely misses you. The jackal barely misses you.
You hit the jackal.
You kill the jackal!
The jackal closely misses you.
You have reached level 2!
Your demonic ancestry asserts itself...
Your hands begin to faintly glow with unholy energy.
Sorry, you're not good enough to have a special ability.
You hit the jackal.
You touch the jackal.
You kill the jackal!
You start resting.
Magic restored.
You start resting.
HP restored.
You are now empty-handed.
Sorry, you're not good enough to have a special ability.
Are you sure you want to abandon this character and quit the game? (Confirm with "yes".)

. ....# ... #
#.#...##....# #.
#.#.#...##....#....
.......##....#.#..
#.#..............
#...†............. #...#
#.....#........#
..##...###.....#.........
........†@................
#..##...###.....#.........
#.......# #.#..##........#
....#...###.#..##........#
...............##........#
........#.................
..........................
.#.#...##................
#... #.....†..........


There were no monsters in sight!

Vanquished Creatures
  An endoplasm (D:1)
  6 jackals (D:1)
  A bat (D:1)
8 creatures vanquished.

Notes
Turn   | Place    | Note
-------+----------+-------------------------------------------
     0 | D:1      | Toastz the Demonspawn Necromancer began the quest for the
                  | Orb.
     0 | D:1      | Reached XP level 1. HP: 13/13 MP: 3/3
   199 | D:1      | Gained mutation: Your touch may inflict minor irresistible
                  | damage on your foes. [demonic ancestry]
   199 | D:1      | Reached XP level 2. HP: 11/20 MP: 1/5
   337 | D:1      | Quit the game

Illustrated notes

Levels and vault maps discovered:
D:1:      ncdulo_wetmaze, layout_basic, minmay_octomino_e4

Action                   || total
-------------------------++-------
Melee: Hand axe          ||    10
       Unarmed           ||     2
       Touch             ||     1
 Cast: Necrotize         ||    11
Armor: Robe              ||     4
Dodge: Dodged            ||    24

Table legend: (Time is in decaauts)
 A = Elapsed time spent in this place.
 B = Non-inter-level travel time spent in this place.
 C = Inter-level travel time spent in this place.
 D = Time resting spent in this place.
 E = Time spent auto-exploring this place.
 F = Levels seen in this place.
 G = Mean time per level.
                   A        B        C        D        E       F      G
               +--------+--------+--------+--------+--------+-----+--------+
         Total |    342 |    342 |      0 |    229 |     59 |   1 |  342.0 |
       Dungeon |    342 |    342 |      0 |    229 |     59 |   1 |  342.0 |
               +--------+--------+--------+--------+--------+-----+--------+

Top non-repeatable levels by time:
     D:1: 342 daAuts
